 Dungeon Crawl Stone Soup version 0.28.0-53-g5a82cb258f (webtiles) character file.

Game seed: 3999269494711961042

50 Descartes the Sneak (level 3, -2/19 HPs)
             Began as a Vine Stalker Monk on May 23, 2022.
             Slain by Terence
             ... wielding a +0 flail
              (6 damage)
             ... on level 2 of the Dungeon.
             The game lasted 00:02:47 (1249 turns).

Descartes the Sneak (Vine Stalker Monk)             Turns: 1249, Time: 00:02:47

Health: -2/19      AC:  5    Str: 15    XL:     3   Next: 79%
Magic:  0/4        EV: 11    Int: 10    God:
Gold:   63         SH:  0    Dex: 16    Spells: 2/2 levels left

rFire   . . .      SeeInvis .   a - +0 short sword
rCold   . . .      Faith    .   (no shield)
rNeg    . . .      Spirit   +   i - +0 ring mail
rPois   .          Reflect  .   (no helmet)
rElec   .          Harm     .   (no cloak)
rCorr   .          Rampage  .   (no gloves)
Will    .....                   (no boots)
Stlth   ++........              (no amulet)
HPRegen 0.06/turn               f - ring of flight
MPRegen 0.09/turn               (no ring)

@: flying
A: fangs 2, magic shield, antimagic bite, no potion heal 2
a: no special abilities


You were on level 2 of the Dungeon.
You visited 1 branch of the dungeon, and saw 2 of its levels.

You collected 63 gold pieces.

Inventory:

Hand Weapons
 a - a +0 short sword (weapon)
Missiles
 e - 60 stones (quivered)
 h - 5 boomerangs
Armour
 i - a +0 ring mail (worn)
Jewellery
 f - a ring of flight (left hand)
Scrolls
 c - 3 scrolls of identify {unknown}
 d - a scroll of magic mapping {unknown}
 g - 3 scrolls of teleportation {unknown}
Potions
 b - a potion of might {unknown}
 j - a potion of resistance {unknown}
 k - a potion of invisibility {unknown}


   Skills:
 - Level 2.6 Fighting
 + Level 3.3 Short Blades
 + Level 2.8 Dodging
 + Level 3.6 Stealth


You had 2 spell levels left.
You didn't know any spells.
Your spell library was empty.

Dungeon Overview and Level Annotations

Branches:
Dungeon (2/15)

Altars:

Annotations:
D:2 Terence


Innate Abilities, Weirdness & Mutations

You have extremely sharp teeth.
When hurt, damage is shared between your health and your magic reserves.
Your bite disrupts and absorbs the magic of your enemies.
Potions cannot restore your health.


Message History

The endoplasm jiggles.
The helpless Terence fails to defend himself.
You puncture Terence! You bite Terence, but do no damage.
Terence is moderately wounded.
The ball python bites you but does no damage.
The ball python closely misses you. Terence misses you.
The ball python bites you but does no damage.
The ball python misses you.
The ball python bites you but does no damage.
The ball python closely misses you. The endoplasm hits you.
The ball python misses you. The ball python closely misses you.
Terence screams, "I'm going to kill you!"
You see here a rat corpse.
You barely miss the ball python. Your bite misses the ball python.
The ball python barely misses you. The ball python grabs you.
The ball python constricts you.
You hit the ball python.
You kill the ball python!
The endoplasm freezes you.
You are frozen.
You hit the endoplasm. You bite the endoplasm.
You kill the endoplasm!
You hit the rat.
You kill the rat!
You hit Terence but do no damage. Your bite misses Terence.
Terence is moderately wounded.
Terence hits you with a +0 flail.
You closely miss Terence. You bite Terence, but do no damage.
Terence is moderately wounded.
Terence hits you with a +0 flail.
You hit Terence but do no damage. You bite Terence. You drain his power.
You feel invigorated.
Terence is heavily wounded.
Terence hits you with a +0 flail!
* * * LOW HITPOINT WARNING * * *
You hit Terence.
Terence is heavily wounded.
Terence hits you with a +0 flail!
You die...

#####.#########.# #
# #.### #... .. ##
#.†.## ..# .. #.
###†.# #.# #.#####.
##.##..# ...#..
#....# #.#.#
###..## #...#
#...@##### ####..##
#.#..@...# #.....#.
#..##.....#
#.###... ...
#.....# #.##...†
....
#.....######....##.
##..
#>....##.....#####.
... #........###.#
#. #....<...# #.#
#. ######.#.# ..#
#. ...#.# .## #.


You could see Terence.

Vanquished Creatures
  2 dart slugs (D:1)
  4 ball pythons
  7 endoplasms
  3 giant cockroaches
  6 goblins (D:1)
  6 hobgoblins
  2 quokkas (D:1)
  4 bats
  2 frilled lizards (D:1)
  A kobold (D:1)
  4 rats
41 creatures vanquished.

Notes
Turn   | Place    | Note
-------+----------+-------------------------------------------
     0 | D:1      | Descartes the Vine Stalker Monk began the quest for the
                  | Orb.
     0 | D:1      | Reached XP level 1. HP: 11/11 MP: 2/2
    51 | D:1      | Reached XP level 2. HP: 16/16 MP: 3/3
   413 | D:1      | Reached XP level 3. HP: 2/19 MP: 0/4
  1217 | D:2      | Found a faded altar of an unknown god.
  1220 | D:2      | Noticed Terence
  1249 | D:2      | Slain by Terence

Illustrated notes

Levels and vault maps discovered:
D:1:      eino_arrival_water_star, layout_rooms, minmay_pentomino_o2
D:2:      layout_rooms, hellmonk_ecumenical_altar_arch_garden,
          minmay_pentomino_pile, uniq_terence, uniq_robin

Skill      XL: |  1  2 |
---------------+-------+-----
Short Blades   | 3 |  3.3
Stealth        | 3 |  3.6
Fighting       | |  2.6
Dodging        | |  2.8

Action                   || total
-------------------------++-------
Melee: Short sword       ||   130
       Bite              ||    39
       Punch             ||     2
 Stab: Sleeping          ||     3
Armor: Robe              ||    14
       Ring mail         ||    11
Dodge: Dodged            ||    78
